AoeStats
← HAMADY

Lombardia

507246235Analyzed
4v4 RM · 15d ago on Sep 17, 2026· 45m 3s· 8 players
Game mode
Random Map
Map size
Large (8 player)
Population
200
Speed
Normal
Resources
Standard
Victory
Conquest
Starting age
Dark Age
Ending age
Imperial Age
RankedLock teamsTeams togetherTeam positionsShared explorationLock speedFull tech treeHidden civsTurbo modeCheats
Victory
Defeat
🇬🇧 Koreans · United Kingdom
1488
+13
🇨🇳 Magyars · China
1466
+14
🇯🇵 Huns · Japan
1318
+20
🇺🇸 Mongols · United States
1278
+21
🇪🇸 Khmer · Spain
1415
-17
🇩🇪 Bohemians · Germany
1415
-17
🇦🇷 Italians · Argentina
1408
-17
🇫🇮 Muisca · Finland
1401
-17
Basti8712
11:54 Feudal Age
12:57 Double-Bit Axe
13:34 Horse Collar
16:22 Castle Age
15:29 Scale Mail Armor
15:40 Forging
17:46 Wheelbarrow
17:24 Pikeman
19:51 Bow Saw
24:43 Loom
25:45 Hand Cart
25:51 Heavy Plow
29:14 Chemistry
28:34 Ballistics
31:27 Fletching
34:57 Imperial Age
32:58 Wagenburg Tactics
33:00 Bodkin Arrow
34:49 Iron Casting
34:30 Masonry
35:25 Elite Hussite Wagon
41:01 Bracer
Aspirante
9:38 Loom
11:24 Feudal Age
14:42 Castle Age
12:45 Double-Bit Axe
16:57 Husbandry
19:32 Horse Collar
21:57 Bloodlines
22:25 Gold Mining
23:20 Forging
25:12 Scale Barding Armor
25:42 Iron Casting
26:58 Wheelbarrow
28:44 Chain Barding Armor
32:26 Hand Cart
32:53 Light Cavalry
33:32 Fletching
36:52 Bodkin Arrow
7777777
3:54 Loom
11:16 Feudal Age
12:24 Double-Bit Axe
12:23 Horse Collar
16:31 Castle Age
Matteo426
10:43 Feudal Age
11:35 Loom
Carleo_Intestin
6:37 Loom
9:10 Feudal Age
10:29 Double-Bit Axe
10:25 Horse Collar
18:12 Wheelbarrow
19:40 Forging
21:56 Castle Age
20:30 Gold Mining
21:36 Bloodlines
21:43 Stone Mining
22:15 Light Cavalry
22:56 Husbandry
23:07 Scale Barding Armor
27:42 Fletching
30:37 Chain Barding Armor
31:20 Bodkin Arrow
32:10 Padded Archer Armor
37:14 Imperial Age
38:02 Ballistics
38:03 Bracer
39:17 Parthian Tactics
39:40 Thumb Ring
39:55 Elite Mangudai
42:31 Leather Archer Armor
TheJenonator
10:18 Feudal Age
8:38 Loom
10:57 Feudal Age
15:02 Castle Age
13:49 Double-Bit Axe
13:45 Horse Collar
16:06 Bow Saw
23:48 Bow Saw
23:49 Gold Mining
25:23 Gold Shaft Mining
25:54 Caravan
26:43 Wheelbarrow
26:45 Stone Mining
27:44 Hand Cart
28:14 Fletching
28:39 Heavy Plow
30:41 Coinage
30:46 Bodkin Arrow
31:59 Scale Mail Armor
32:10 Forging
35:16 Imperial Age
32:17 Pikeman
32:57 Squires
33:18 Pikeman
34:14 Chain Mail Armor
34:34 Iron Casting
35:17 Capped Ram
36:29 Plate Mail Armor
35:25 Halberdier
36:27 Conscription
37:44 Two-Man Saw
37:49 Elite Fire Lancer
39:14 Bracer
40:39 Guilds
44:03 Siege Engineers
HAMADY
6:54 Loom
9:34 Feudal Age
10:14 Double-Bit Axe
14:09 Horse Collar
18:11 Wheelbarrow
17:22 Town Watch
20:46 Castle Age
20:10 Fletching
20:21 Padded Archer Armor
22:18 Bodkin Arrow
22:39 Leather Archer Armor
25:57 Husbandry
26:11 Bloodlines
26:41 Thumb Ring
26:59 Ballistics
33:58 Hand Cart
33:43 Town Patrol
33:56 Bow Saw
33:49 Heavy Plow
33:57 Caravan
41:44 Imperial Age
39:50 Marauders
40:00 Scale Barding Armor
40:06 Forging
42:52 Chain Barding Armor
43:08 Iron Casting
44:27 Plate Barding Armor
45:59 Blast Furnace
只会种田
10:10 Feudal Age
14:32 Castle Age
12:50 Double-Bit Axe
18:38 Horse Collar
22:05 Bow Saw
23:52 Wheelbarrow
23:04 Loom
23:41 Heavy Plow
24:23 Gold Mining
26:11 Gold Shaft Mining
29:43 Imperial Age
27:34 Hand Cart
29:26 Treadmill Crane
29:40 Fletching
30:14 Heavy Cavalry Archer
31:20 Parthian Tactics
30:57 Bodkin Arrow
31:27 Ballistics
32:08 Chemistry
31:18 Corvinian Army
32:45 Two-Man Saw
32:41 Thumb Ring
33:03 Conscription
33:18 Crop Rotation
32:48 Stone Mining
33:17 Bloodlines
33:08 Husbandry
33:35 Bracer
33:35 Padded Archer Armor
34:23 Caravan
35:10 Recurve Bow
34:33 Elite Magyar Huszar
38:44 Town Watch
39:17 Leather Archer Armor
39:07 Scale Barding Armor
39:12 Siege Engineers
41:21 Ring Archer Armor
41:12 Chain Barding Armor
42:28 Town Patrol
42:31 Scale Mail Armor
45:12 Plate Barding Armor
Connection lost

Rejoining the realm…

Still unreachable

The connection could not be restored.

Session expired

The server has moved on; the page needs a fresh start.